 Dungeon Crawl Stone Soup version 0.27-a0-498-g7ecbb0a48f (webtiles) character file.

Game seed: 11962952006374878650

1397 HoaS the Grappler (level 8, -1/62 HPs)
             Began as a Demigod Gladiator on Mar 2, 2021.
             Slain by Duvessa
             ... wielding a +0 short sword
              (8 damage)
             ... on level 5 of the Dungeon.
             The game lasted 00:13:11 (6138 turns).

HoaS the Grappler (Demigod Gladiator)               Turns: 6138, Time: 00:13:11

Health: -1/62      AC: 10    Str: 23    XL:     8   Next: 18%
Magic:  10/10      EV: 11    Int: 10    God:
Gold:   217        SH:  0    Dex: 15    Spells: 7/7 levels left

rFire    . . .     SeeInvis .     - Unarmed
rCold    . . .     Faith    .   (no shield)
rNeg     . . .     Spirit   .   q - +0 scale mail
rPois    .         Reflect  .   p - +2 hat
rElec    .         Harm     .   g - +0 cloak
rCorr    .         Rampage  .   f - +0 pair of gloves
Will     +....                  (no boots)
Stlth    ..........             (no amulet)
HPRegen  0.20/turn              o - ring of willpower
MPRegen  0.12/turn              (no ring)

@: no status effects
A: high mp 1
a: no special abilities


You were on level 5 of the Dungeon.
You visited 1 branch of the dungeon, and saw 5 of its levels.

You collected 217 gold pieces.

Inventory:

Missiles
 i - 6 boomerangs (quivered)
 l - 15 poisoned darts
 m - 5 atropa-tipped darts
Armour
 b - a +0 helmet
 f - a +0 pair of gloves (worn)
 g - a +0 cloak (worn)
 p - a +2 hat (worn)
 q - a +0 scale mail (worn)
Jewellery
 o - a ring of willpower (left hand)
Wands
 a - a wand of random effects (5)
Scrolls
 r - 2 scrolls of teleportation
Potions
 d - a potion of resistance
 e - a potion of ambrosia {unknown}
 j - 2 potions of curing
 k - a potion of mutation
 n - a potion of attraction {unknown}
 s - a potion of flight {unknown}
 t - a potion of cancellation {unknown}
 u - 2 potions of lignification {unknown}


   Skills:
 + Level 2.5 Fighting
 - Level 1.7 Throwing
 + Level 1.5 Armour
 + Level 3.2 Dodging
 * Level 9.3 Unarmed Combat


You had 7 spell levels left.
You didn't know any spells.
Your spell library was empty.

Dungeon Overview and Level Annotations

Branches:
Dungeon (5/15)             Temple (0/1) D:4

Annotations:
D:5 Duvessa


Innate Abilities, Weirdness & Mutations

You have an increased reservoir of magic. (+10% MP)


Message History

Duvessa hits you with a +0 short sword.
You hit Duvessa but do no damage.
Duvessa is moderately wounded.
Duvessa hits you but does no damage.
You barely miss Duvessa.
Duvessa is moderately wounded.
Duvessa hits you with a +0 short sword.
You hit Duvessa.
Duvessa is heavily wounded.
Duvessa misses you. Duvessa hits you with a +0 short sword!
You hit Duvessa but do no damage.
Duvessa is heavily wounded.
Duvessa hits you but does no damage.
You hit Duvessa.
Duvessa is heavily wounded.
Duvessa hits you with a +0 short sword!
Your scale mail prevents you from hitting Duvessa.
Duvessa is heavily wounded.
Duvessa hits you with a +0 short sword. x2
You hit Duvessa.
Duvessa is severely wounded.
Duvessa completely misses you.
You punch Duvessa!
Duvessa is severely wounded.
Duvessa hits you with a +0 short sword!
* * * LOW HITPOINT WARNING * * *
You feel much better.
Duvessa hits you with a +0 short sword. x2
Okay, then.
You closely miss Duvessa.
Duvessa is severely wounded.
Duvessa misses you.
You hit Duvessa but do no damage.
Duvessa is severely wounded.
Duvessa hits you with a +0 short sword.
You hit Duvessa. Your punch misses Duvessa.
Duvessa is severely wounded.
Duvessa hits you with a +0 short sword!
* * * LOW HITPOINT WARNING * * *
Duvessa hits you with a +0 short sword!
You die...

####.########........#.#.#
.....#.........####..#.#.#
######.................#.#
# #........######..##.# #
#.............#.<##.# #
#.......#####.#..##.# #
+.......'.........#.# #
#.......##....###.#.# #
#.......###@### #...# #
#.......# #e# ##..#
##+########### #(# #..#
#......# #.# #..# #......+
#.( ##'####### #......#
#.. #........## #......#
#... #.......... .........
#.(. #.......... ...#+#.##
#.... #..........


You could see Duvessa (berserk).

Vanquished Creatures
  A wyvern (D:4)
  Sigmund (D:5)
  2 ice beasts
  An ogre (D:4)
  A water moccasin skeleton (D:5)
  A scorpion (D:4)
  Dowan (D:5)
  A howler monkey (D:4)
  A crimson imp (D:4)
  6 hounds
  2 orc priests
  2 centaur skeletons
  Jessica (D:3)
  2 worker ants (D:4)
  Robin (D:2)
  7 gnolls
  4 adders
  A shadow imp (D:2)
  3 oozes
  3 worms
  2 dart slugs
  3 leopard geckos
  5 orcs
  A ball python (D:1)
  10 bats
  7 giant cockroaches
  15 goblins
  7 hobgoblins
  4 jackals (D:5)
  8 kobolds
  A quokka (D:3)
  7 frilled lizards
  A jackal skeleton (D:5)
  9 rats
122 creatures vanquished.

Notes
Turn   | Place    | Note
-------+----------+-------------------------------------------
     0 | D:1      | HoaS the Demigod Gladiator began the quest for the Orb.
     0 | D:1      | Reached XP level 1. HP: 17/17 MP: 3/3
    26 | D:1      | Reached skill level 3 in Unarmed Combat
   124 | D:1      | Reached XP level 2. HP: 21/24 MP: 4/4
   956 | D:2      | Reached XP level 3. HP: 23/29 MP: 5/5
  1052 | D:2      | Reached skill level 4 in Unarmed Combat
  1637 | D:2      | Reached XP level 4. HP: 21/36 MP: 6/6
  1884 | D:2      | Found a blossoming altar of Fedhas.
  2298 | D:2      | Found a sacrificial altar of Ru.
  2315 | D:2      | Noticed an ice beast
  2338 | D:2      | Killed an ice beast
  2339 | D:2      | Reached skill level 5 in Unarmed Combat
  2339 | D:2      | Reached XP level 5. HP: 6/41 MP: 7/7
  3262 | D:3      | Reached skill level 6 in Unarmed Combat
  3624 | D:3      | Noticed Robin
  3788 | D:2      | Killed Robin
  3985 | D:2      | Reached XP level 6. HP: 46/48 MP: 8/8
  4087 | D:3      | Found a faded altar of an unknown god.
  4227 | D:3      | Reached skill level 7 in Unarmed Combat
  4299 | D:3      | Noticed Jessica
  4310 | D:3      | Killed Jessica
  4605 | D:4      | Found a staircase to the Ecumenical Temple.
  4693 | D:4      | Reached XP level 7. HP: 19/53 MP: 9/9
  5007 | D:4      | Reached skill level 8 in Unarmed Combat
  5221 | D:4      | Noticed a wyvern
  5236 | D:4      | Killed a wyvern
  5693 | D:4      | Found a shimmering altar of Xom.
  5694 | D:4      | Found a burning altar of Makhleb.
  5763 | D:5      | Entered Level 5 of the Dungeon
  5771 | D:5      | Reached skill level 9 in Unarmed Combat
  5850 | D:5      | Noticed Sigmund
  5861 | D:5      | Killed Sigmund
  5862 | D:5      | Reached skill level 1 in Armour
  5959 | D:5      | Reached XP level 8. HP: 58/61 MP: 10/10
  6108 | D:5      | Noticed Dowan
  6109 | D:5      | Noticed Duvessa
  6117 | D:5      | Killed Dowan
  6138 | D:5      | Slain by Duvessa

Illustrated notes

Levels and vault maps discovered:
D:1:      co_arrival_random_square_maze, layout_rooms, serial_forest,
          infiniplex_forest_straight_3, infiniplex_forest_clump_medium,
          infiniplex_forest_lined_3, infiniplex_forest_lined_ring,
          infiniplex_forest_pool
D:2:      layout_loops_cross, nicolae_ru_awakened_eye, dk_noncrumbling_4,
          minmay_misc_feat_square, fedhas_ov_isle_minmay
D:3:      layout_rooms, chequers_ecumenical_altar_simple_redux, hex_tiny,
          nrook_mini_vaults, kennysheep_jessica_study, uniq_robin
D:4:      layout_loops_ring, grunt_temple_overflow_champion_of_chaos,
          minmay_temple_entry_statues
D:5:      layout_basic, uniq_sigmund, uniq_duvessa

Skill      XL: |  1  2  3  4  5  6  7 |
---------------+----------------------+-----
Unarmed Combat | 3 4 5 6 7 9 |  9.3
Fighting       | 2 |  2.5
Armour         | 1 |  1.5
Dodging        | 3 |  3.2
Throwing       | |  1.7

Action                   |  1- 3 |  4- 6 |  7- 9 || total
-------------------------+-------+-------+-------++-------
Melee: Unarmed           |   155 |   263 |   125 ||   543
       Punch             |     3 |    10 |     2 ||    15
Throw: Throwing net      |     1 |     4 |     3 ||     8
       Boomerang         |       |     1 |       ||     1
       Dart              |       |       |     9 ||     9
Evoke: Wand              |       |       |     2 ||     2
  Use: Scroll            |     2 |     7 |     1 ||    10
       Potion            |       |     1 |     1 ||     2
 Stab: Sleeping          |     2 |     1 |       ||     3
       Held in net/web   |       |       |     1 ||     1
Armor: Leather armour    |    70 |    68 |       ||   138
       Scale mail        |       |     7 |    43 ||    50
Dodge: Dodged            |   116 |   150 |    44 ||   310

Table legend: (Time is in decaauts)
 A = Elapsed time spent in this place.
 B = Non-inter-level travel time spent in this place.
 C = Inter-level travel time spent in this place.
 D = Time resting spent in this place.
 E = Time spent auto-exploring this place.
 F = Levels seen in this place.
 G = Mean time per level.
                   A        B        C        D        E       F      G
               +--------+--------+--------+--------+--------+-----+--------+
         Total |   6097 |   5951 |    146 |   2718 |   2194 |   5 | 1219.4 |
       Dungeon |   6097 |   5951 |    146 |   2718 |   2194 |   5 | 1219.4 |
               +--------+--------+--------+--------+--------+-----+--------+

Top non-repeatable levels by time:
     D:2: 2387 daAuts
     D:1: 1341 daAuts
     D:4: 1170 daAuts
     D:3: 834 daAuts
     D:5: 363 daAuts
